AoeStats
← yazeed_niva

Arena

510618930Analyzed
3v3 RM · 2d ago on Oct 1, 2026· 65m 51s· 6 players
Game mode
Random Map
Map size
Normal (6 player)
Population
200
Speed
Normal
Resources
Standard
Victory
Conquest
Starting age
Dark Age
Ending age
Imperial Age
RankedLock teamsTeams togetherTeam positionsShared explorationLock speedFull tech treeHidden civsTurbo modeCheats
Victory
Defeat
🇨🇱 Huns · Chile
634
+10
🇩🇰 Britons · Denmark
525
+17
🇯🇴 Gurjaras · Jordan
347
+20
🇺🇸 Magyars · United States
509
-34
🇦🇷 Portuguese · Argentina
491
-15
🇺🇸 Jurchens · United States
438
-13
TheFoustAffectTTV
11:53 Feudal Age
16:48 Castle Age
14:39 Double-Bit Axe
16:16 Forging
19:04 Bow Saw
22:13 Horse Collar
23:03 Heavy Plow
32:53 Imperial Age
32:19 Pikeman
33:01 Squires
32:47 Gambesons
33:44 Iron Casting
33:10 Scale Mail Armor
33:18 Scale Barding Armor
37:33 Halberdier
39:04 Ballistics
39:44 Chemistry
49:23 Blast Furnace
48:39 Chain Mail Armor
51:19 Elite Iron Pagoda
54:28 Padded Archer Armor
54:18 Fletching
57:16 Bodkin Arrow
Polarity
11:45 Feudal Age
15:39 Double-Bit Axe
18:31 Wheelbarrow
17:40 Horse Collar
24:42 Castle Age
23:24 Stone Mining
25:39 Hand Cart
29:02 Heavy Plow
29:16 Bow Saw
29:00 Gold Mining
30:06 Corvinian Army
34:07 Fervor
34:31 Bloodlines
34:24 Husbandry
33:48 Light Cavalry
34:48 Thumb Ring
39:44 Imperial Age
37:44 Crossbowman
39:54 Heavy Cavalry Archer
41:00 Parthian Tactics
41:52 Cavalier
41:53 Hussar
43:17 Recurve Bow
46:34 Pikeman
47:15 Halberdier
49:31 Paladin
54:36 Capped Ram
RoberDS1985
15:47 Feudal Age
17:12 Horse Collar
17:23 Double-Bit Axe
21:09 Gold Mining
22:39 Scale Mail Armor
22:52 Forging
25:31 Padded Archer Armor
26:50 Man-at-Arms
27:28 Fletching
30:05 Castle Age
30:06 Wheelbarrow
32:29 Chain Mail Armor
32:21 Stone Mining
33:30 Leather Archer Armor
33:57 Crossbowman
34:07 Long Swordsman
35:28 Bow Saw
36:56 Stone Shaft Mining
38:25 Scale Barding Armor
39:38 Chain Barding Armor
38:44 Pikeman
39:12 Gambesons
40:36 Heavy Plow
41:18 Ballistics
41:22 Masonry
41:05 Heated Shot
41:53 Caravan
44:37 Hand Cart
44:51 Bodkin Arrow
45:22 Elite Skirmisher
46:19 Husbandry
49:28 Iron Casting
48:58 Guard Tower
60:07 Imperial Age
60:28 Cavalier
NEKROS
0:31 Loom
13:25 Feudal Age
14:47 Wheelbarrow
13:53 Horse Collar
14:01 Double-Bit Axe
17:32 Stone Mining
20:32 Castle Age
21:23 Bow Saw
21:29 Hand Cart
21:17 Heavy Plow
28:33 Gold Mining
30:34 Gold Shaft Mining
30:52 Forging
30:42 Scale Mail Armor
30:47 Scale Barding Armor
32:25 Iron Casting
34:33 Imperial Age
36:29 Town Watch
37:21 Iron Casting
36:46 Scale Mail Armor
36:51 Scale Barding Armor
37:53 Two-Man Saw
38:27 Town Patrol
39:29 Blast Furnace
38:36 Caravan
39:06 Coinage
38:46 Guilds
40:03 Chain Mail Armor
40:08 Chain Barding Armor
40:25 Banking
39:19 Cavalier
40:10 Bloodlines
40:00 Husbandry
39:21 Light Cavalry
40:20 Hussar
41:23 Paladin
45:34 Plate Barding Armor
45:22 Ballistics
46:02 Chemistry
62:22 Spies/Treason
solid_mat21
yazeed_niva
11:11 Feudal Age
18:17 Castle Age
26:10 Imperial Age
32:51 Chemistry
33:03 Elite Chakram Thrower
35:41 Elite Shrivamsha Rider
38:39 Husbandry
44:23 Herbal Medicine
Connection lost

Rejoining the realm…

Still unreachable

The connection could not be restored.

Session expired

The server has moved on; the page needs a fresh start.